 Dungeon Crawl Stone Soup version 0.22-a0-479-gc6e99f3 (webtiles) character file.

125 Laiders72 the Ruffian (level 4, 0/36 HPs)
             Began as a Draconian Transmuter on June 14, 2018.
             Slain by a centaur (7 damage)
             ... on level 3 of the Dungeon.
             The game lasted 00:04:05 (2314 turns).

Laiders72 the Ruffian (Draconian Transmuter)        Turns: 2314, Time: 00:04:05

Health: 0/36       AC:  5    Str: 13    XL:     4   Next: 82%
Magic:  7/8        EV: 12    Int: 14    God:
Gold:   49         SH:  0    Dex: 11    Spells: 2/8 levels left

rFire    . . .     SeeInvis .     - Unarmed
rCold    . . .     Gourm    .   (no shield)
rNeg     . . .     Faith    .   (armour unavailable)
rPois    .         Spirit   .   (helmet restricted)
rElec    .         Reflect  .   (no cloak)
rCorr    .         Harm     .   (no gloves)
MR       .....                  (no boots)
Stlth    +.........             j - amulet of the acrobat
HPRegen  0.12/turn              (no ring)
MPRegen  0.11/turn              (no ring)

@: appendage
A: unfitting armour, horns 2, cold-blooded, AC +5
a: End Transformation


You were on level 3 of the Dungeon.
You were very hungry.
You had grown temporary horns.
You visited 1 branch of the dungeon, and saw 3 of its levels.

You collected 49 gold pieces.

Inventory:

Missiles
 a - 30 arrows
Jewellery
 j - an amulet of the acrobat (around neck)
Wands
 l - a wand of random effects (32)
Scrolls
 e - 3 scrolls of identify
 f - a scroll of teleportation {unknown}
 h - a scroll of enchant armour {unknown}
 i - a scroll of fog {unknown}
Potions
 k - a potion of haste
 m - a potion of resistance
Comestibles
 c - 4 rations


   Skills:
 + Level 2.2 Fighting
 + Level 2.5 Dodging
 + Level 3.6 Unarmed Combat
 + Level 2.6 Spellcasting
 + Level 2.7 Transmutations
 + Level 0.8 Poison Magic


You had 2 spell levels left.
You knew the following spells:

 Your Spells              Type           Power        Failure   Level  Hunger
a - Beastly Appendage     Tmut           #.....       7%          1    #......
b - Sticks to Snakes      Tmut           #.......     11%         2    ###....
c - Spider Form           Tmut/Pois      #.........   32%         3    ###....

Your spell library contained the following spells:

 Spells                   Type           Power        Failure   Level  Hunger
 Blade Hands              Tmut           #.........   89%         5    ######.
 Ice Form                 Ice/Tmut       #.......     77%         4    #####..


Dungeon Overview and Level Annotations

Branches:
Dungeon (3/15)

Altars:


Innate Abilities, Weirdness & Mutations

Your plain brown scales are hard. (AC +5)
You cannot fit into any form of body armour.
You are cold-blooded and may be slowed by cold attacks.
You have a pair of horns on your head.


Message History

You hit the centaur.
The centaur is severely wounded.
The centaur hits you!
* * * LOW HITPOINT WARNING * * *
You hit the centaur. You headbutt the centaur.
The centaur is almost dead.
The centaur hits you.
* * * LOW HITPOINT WARNING * * *
The centaur barely misses you.
You hit the centaur but do no damage.
You headbutt the centaur, but do no damage.
The centaur is almost dead.
The centaur completely misses you.
You closely miss the centaur.
The centaur is almost dead.
The centaur barely misses you.
You hit the centaur but do no damage.
The centaur is almost dead.
The centaur hits you!
You die...

.........#
........<#
....(....#
.........##
#.........##
##......#..##
######..#..##
##.##..####
#. ##c@(.# ##
####.)# #..#
#... .....
..## .# ..


You could see a centaur.

Vanquished Creatures
  3 adders (D:2)
  An ooze (D:2)
  A worm (D:2)
  3 dart slugs
  4 leopard geckos
  2 giant cockroaches
  5 goblins
  4 hobgoblins
  2 quokkas
  7 bats
  5 frilled lizards
  6 kobolds
  9 rats
52 creatures vanquished.

Vanquished Creatures (collateral kills)
  Jessica (D:2)
  Natasha (D:2)
  A frilled lizard (D:2)
3 creatures vanquished.

Grand Total: 55 creatures vanquished

Notes
Turn   | Place    | Note
-------+----------+-------------------------------------------
     0 | D:1      | Laiders72 the Draconian Transmuter began the quest for the Orb.
     0 | D:1      | Reached XP level 1. HP: 16/16 MP: 3/3
     3 | D:1      | Noticed an electric eel
     3 | D:1      | Noticed an electric eel
   378 | D:1      | Reached XP level 2. HP: 18/23 MP: 5/5
   817 | D:1      | Learned a level 2 spell: Sticks to Snakes
   973 | D:2      | Reached XP level 3. HP: 26/29 MP: 6/6
  1239 | D:2      | Noticed Jessica
  1251 | D:2      | Killed Jessica
  1307 | D:2      | Learned a level 3 spell: Spider Form
  1381 | D:2      | Reached XP level 4. HP: 29/36 MP: 7/7
  1896 | D:2      | Noticed Natasha
  1909 | D:2      | Killed Natasha
  2129 | D:2      | Found a faded altar of an unknown god.
  2268 | D:3      | Noticed a centaur
  2314 | D:3      | Slain by a centaur

Vault maps used:
D:1:      arrival_aquarium_b, nrook_mini_vaults
D:2:      chequers_ecumenical_altar_simple, first_ration,
          minmay_split_cup_large, uniq_natasha, uniq_jessica
D:3:      minmay_misc_feat_columns, uniq_robin

Skill      XL: |  1  2  3 |
---------------+----------+-----
Dodging        | 2 |  2.5
Fighting       | 2 |  2.2
Unarmed Combat | |  3.6
Spellcasting   | |  2.6
Transmutations | |  2.7
Poison Magic   | |  0.8

Action                   |  1- 3 |  4- 6 || total
-------------------------+-------+-------++-------
Melee: Unarmed           |   122 |    89 ||   211
       Tailslap          |     7 |     5 ||    12
       Punch             |     1 |     3 ||     4
       Kick              |     1 |       ||     1
       Headbutt          |       |     3 ||     3
 Cast: Beastly Appendage |     2 |     3 ||     5
       Sticks to Snakes  |     3 |     2 ||     5
  Use: Scroll            |       |     4 ||     4
       Potion            |       |     1 ||     1
  Eat: Chunk             |     2 |     2 ||     4
Armor: Skin              |    44 |    29 ||    73
Dodge: Dodged            |    76 |    85 ||   161

Table legend:
 A = Spawn XP
 B = Non-spawn XP
 C = Spawn XP percentage of total XP
 D = Spawn monster count
 E = Non-spawn monster count
 F = Spawn count percentage of total count
 G = Total turns spent on level
                    A         B        C        D         E        F      G
               +---------+---------+-------+---------+---------+-------+---------
         Total |       0 |     179 |   0.0 |       0 |      55 |   0.0 |  2314
               +---------+---------+-------+---------+---------+-------+---------
           D:1 |       0 |      32 |   0.0 |       0 |      18 |   0.0 |   829
           D:2 |       0 |     143 |   0.0 |       0 |      35 |   0.0 |  1436
           D:3 |       0 |       4 |   0.0 |       0 |       2 |   0.0 |    49
               +---------+---------+-------+---------+---------+-------+---------
